 Dungeon Crawl Stone Soup version 0.22.1-6-g1668fe2c40 (webtiles) character file.

912 Honti the Firebug (level 7, 50/50 HPs)
             Began as a Black Draconian Fire Elementalist on Jan 8, 2019.
             Quit the game on level 5 of the Dungeon on Jan 17, 2019.
             The game lasted 00:21:49 (6238 turns).

Honti the Firebug (DrFE)                            Turns: 6238, Time: 00:21:49

Health: 50/50      AC:  6    Str: 11    XL:     7   Next: 82%
Magic:  13/13      EV: 12    Int: 17    God:
Gold:   264        SH:  0    Dex: 11    Spells: 6/14 levels left

rFire    . . .     SeeInvis .   l - +0 hunting sling
rCold    . . .     Gourm    .   (no shield)
rNeg     . . .     Faith    .   (armour unavailable)
rPois    .         Spirit   .   (helmet restricted)
rElec    +         Reflect  .   (no cloak)
rCorr    .         Harm     .   (no gloves)
MR       .....                  (no boots)
Stlth    ++........             (no amulet)
HPRegen  0.16/turn              (no ring)
MPRegen  0.13/turn              (no ring)

@: very slightly contaminated
A: breathe lightning, unfitting armour, electricity resistance, cold-blooded, AC
+6
a: Breathe Lightning


You were on level 5 of the Dungeon.
You were not hungry.

You visited 1 branch of the dungeon, and saw 5 of its levels.

You collected 264 gold pieces.

Inventory:

Hand Weapons
 e - a +0 short sword
 l - a +0 hunting sling (weapon)
Missiles
 f - 43 stones (quivered)
Wands
 k - a wand of enslavement (10)
Scrolls
 c - 2 scrolls of teleportation
 d - 3 scrolls of enchant armour
 h - a scroll of magic mapping {unknown}
 m - a scroll of enchant weapon {unknown}
 o - a scroll of fear {unknown}
 r - a scroll of blinking
Potions
 a - 2 potions of curing
 g - a potion of heal wounds
 i - 2 potions of might
 j - 2 potions of lignification
 n - 3 potions of flight
Comestibles
 b - 6 rations
 q - 2 chunks of flesh


   Skills:
 - Level 1.7 Dodging
 - Level 1.7 Stealth
 + Level 4.1 Spellcasting
 * Level 5.7 Conjurations
 * Level 6.3 Fire Magic


You had 6 spell levels left.
You knew the following spells:

 Your Spells              Type           Power        Failure   Level  Hunger
a - Flame Tongue          Conj/Fire      ###..        1%          1    None
b - Conjure Flame         Conj/Fire      ###.....     4%          3    ###....
c - Sticky Flame          Conj/Fire      ###.....     13%         4    ####...

Your spell library contained the following spells:

 Spells                   Type           Power        Failure   Level  Hunger
 Throw Flame              Conj/Fire      ###...       1%          2    ##.....
 Inner Flame              Hex/Fire       ##......     13%         3    ###....
 Fireball                 Conj/Fire      ###.......   36%         5    ######.


Dungeon Overview and Level Annotations

Branches:
Dungeon (5/15)
 Temple: D:4-7

Altars:
Gozag


Innate Abilities, Weirdness & Mutations

You can breathe wild blasts of lightning.
Your glossy black scales are hard. (AC +6)
You cannot fit into any form of body armour.
You are resistant to electric shocks. (rElec)
You are cold-blooded and may be slowed by cold attacks.


Message History

Press: ? - help, Dir - move target cursor You are very lightly contaminated with residual magic.
As you read the scroll labeled SITEGR PABA GEVOWI, it crumbles to dust.
It was a scroll of blinking.
You now have 264 gold pieces (gained 15).
As you read the scroll of identify, it crumbles to dust.
a - 2 potions of curing
As you read the scroll of identify, it crumbles to dust.
n - 3 potions of flight Save game and exit?
Welcome back, Honti the Black Draconian Fire Elementalist.
Press ? for a list of commands and other information.
Save game and exit?
Welcome back, Honti the Black Draconian Fire Elementalist.
Press ? for a list of commands and other information.
Welcome back, Honti the Black Draconian Fire Elementalist.
Press ? for a list of commands and other information.
Save game and exit?
Okay, then.
Are you sure you want to abandon this character and quit the game? (Confirm

. #. ... #... .
#>.. ...
#...######..>..
#....<.@...#
##..######## #.
#


There were no monsters in sight!

Vanquished Creatures
  Sigmund (D:4)
  Purgy (D:4)
  An ogre (D:4)
  A centaur skeleton (D:4)
  3 orc priests
  A hound (D:4)
  A bullfrog skeleton (D:4)
  3 orc wizards
  An iguana (D:4)
  A worker ant (D:4)
  A hound skeleton (D:4)
  8 adders
  5 gnolls
  An ooze (D:2)
  An adder skeleton (D:4)
  4 worms
  A dart slug (D:1)
  3 leopard geckos
  11 orcs
  7 ball pythons
  11 giant cockroaches
  7 goblins
  12 hobgoblins
  4 jackals
  4 quokkas
  4 bats
  8 frilled lizards
  8 kobolds
  A quokka skeleton (D:3)
  17 rats
132 creatures vanquished.

Vanquished Creatures (others)
  A fire vortex (D:4)
1 creature vanquished.

Grand Total: 133 creatures vanquished

Notes
Turn   | Place    | Note
-------+----------+-------------------------------------------
     0 | D:1      | Honti the Draconian Fire Elementalist began the quest for
                  | the Orb.
     0 | D:1      | Reached XP level 1. HP: 14/14 MP: 3/3
   232 | D:1      | Reached XP level 2. HP: 20/20 MP: 3/5
   675 | D:1      | Reached XP level 3. HP: 23/26 MP: 3/6
  1629 | D:2      | Reached XP level 4. HP: 30/33 MP: 2/7
  1746 | D:2      | Reached skill level 4 in Fire Magic
  2745 | D:3      | Reached XP level 5. HP: 38/38 MP: 9/9
  2757 | D:3      | Learned a level 3 spell: Conjure Flame
  2762 | D:3      | Learned a level 4 spell: Sticky Flame
  3624 | D:3      | Reached XP level 6. HP: 45/45 MP: 3/10
  3625 | D:3      | Found an opulent altar of Gozag.
  4343 | D:4      | Reached skill level 5 in Fire Magic
  5011 | D:4      | Noticed Sigmund
  5016 | D:4      | Killed Sigmund
  5016 | D:4      | Your scales start taking on a glossy black colour.
  5016 | D:4      | Reached XP level 7. HP: 45/50 MP: 4/12
  5016 | D:4      | Gained mutation: You are resistant to electric shocks.
                  | (rElec) [Black Draconian growth]
  5312 | D:4      | Reached skill level 5 in Conjurations
  5595 | D:4      | Noticed Purgy
  5626 | D:4      | Killed Purgy
  5626 | D:4      | Reached skill level 6 in Fire Magic
  6232 | D:5      | Entered Level 5 of the Dungeon
  6238 | D:5      | Upgraded the game from 0.22.1-5-g62c59d919a to
                  | 0.22.1-6-g1668fe2c40
  6238 | D:5      | Quit the game

Skill      XL: |  1  2  3  4  5  6  7 |
---------------+----------------------+-----
Conjurations   | 2 3 4 5 |  5.7
Fire Magic     | 4 5 6 |  6.3
Spellcasting   | 3 4 |  4.1
Dodging        | |  1.7
Stealth        | |  1.7

Action                   |  1- 3 |  4- 6 |  7- 9 || total
-------------------------+-------+-------+-------++-------
Melee: Unarmed           |     4 |       |       ||     4
       Tailslap          |     3 |       |       ||     3
       Short sword       |    26 |    11 |       ||    37
 Fire: Hunting sling     |       |   153 |    64 ||   217
Throw: Stone             |     1 |     1 |       ||     2
 Cast: Flame Tongue      |    63 |    72 |    23 ||   158
       Sticky Flame      |       |     9 |     4 ||    13
       Conjure Flame     |       |     1 |     4 ||     5
 Abil: Breathe Lightning |       |       |     2 ||     2
  Use: Scroll            |       |     5 |     3 ||     8
 Stab: Sleeping          |     1 |       |       ||     1
  Eat: Chunk             |     3 |    12 |     1 ||    16
       Ration            |       |       |     2 ||     2
Armor: Skin              |    12 |    29 |     8 ||    49
Dodge: Dodged            |    25 |    89 |    25 ||   139
